 Dungeon Crawl Stone Soup version 0.26.0-15-gc6cd9f7 (webtiles) character file.

Game seed: 13831719630003106188

41 thesequoiad the Chiller (level 3, 0/26 HPs)
             Began as a Formicid Ice Elementalist on Jan 22, 2021.
             Succumbed to Sigmund's poison
             ... on level 2 of the Dungeon.
             The game lasted 00:06:30 (1826 turns).

thesequoiad the Chiller (Formicid Ice Elementalist) Turns: 1826, Time: 00:06:31

Health: 0/26       AC:  2    Str: 12    XL:     3   Next: 75%
Magic:  3/6        EV: 12    Int: 15    God:
Gold:   81         SH:  0    Dex: 11    Spells: 0/7 levels left

rFire    . . .     SeeInvis +   b - +1 dagger (flame)
rCold    . . .     Faith    .   (no shield)
rNeg     . . .     Spirit   .   e - +0 robe
rPois    .         Reflect  .   (helmet unavailable)
rElec    .         Harm     .   (no cloak)
rCorr    .         Rampage  .   (no gloves)
Will     .....                  (no boots)
Stlth    ++........             (no amulet)
HPRegen  0.08/turn              (no ring)
MPRegen  0.10/turn              (no ring)

@: lethally poisoned (0 -> -23), frozen ramparts, flying
A: permanent stasis, dig shafts and tunnels, four strong arms, antennae 3, claws
1, blurry vision 1, sturdy frame 1
a: Dig, Shaft Self


You were on level 2 of the Dungeon.
You visited 1 branch of the dungeon, and saw 2 of its levels.

You collected 81 gold pieces.

Inventory:

Hand Weapons
 a - a +0 trident
 b - a +1 dagger of flaming (weapon)
 m - a +0 short sword
Armour
 e - a +0 robe (worn)
Jewellery
 c - an uncursed amulet of the acrobat {unknown}
Scrolls
 f - 3 scrolls of remove curse {unknown}
 g - a scroll of identify {unknown}
 h - 2 scrolls of enchant weapon {unknown}
 k - a scroll of magic mapping {unknown}
 l - a scroll of teleportation {unknown}
Potions
 d - a potion of flight


   Skills:
 + Level 1.4 Fighting
 - Level 1.7 Dodging
 - Level 2.4 Stealth
 + Level 2.6 Spellcasting
 * Level 4.6 Ice Magic


You couldn't memorise any spells.
You knew the following spells:

 Your Spells              Type           Power        Failure   Level
a - Freeze                Ice            60%          3%          1
b - Frozen Ramparts       Ice            30%          10%         3
c - Ozocubu's Armour      Ice            15%          10%         3

Your spell library contained the following spells:

 Spells                   Type           Power        Failure   Level
 Hailstorm                Conj/Ice       8%           63%         4
 Summon Ice Beast         Ice/Summ       8%           63%         4


Dungeon Overview and Level Annotations

Branches:
Dungeon (2/15)

Altars:

Annotations:
D:2 Sigmund


Innate Abilities, Weirdness & Mutations

You cannot be hasted, slowed, berserked, paralysed or teleported.
You can dig through walls and to a lower floor.
Your four strong arms can wield two-handed weapons with a shield.
You have a pair of large antennae on your head. (SInv)
You have sharp fingernails.
Scrolls take you a little longer to read.
Your movements are slightly less encumbered by armour. (ER -2)


Message History

You feel sick.
Unknown command.
You hit Sigmund but do no damage.
Sigmund is moderately wounded.
* * * LOW HITPOINT WARNING * * *
You feel sick.
The wall freezes Sigmund.
Sigmund hits you but does no damage.
You are more poisoned.
Unknown command.
You hit Sigmund. You burn Sigmund.
Sigmund is heavily wounded.
* * * LOW HITPOINT WARNING * * *
You feel sick.
The wall freezes Sigmund.
Sigmund hits you with a +0 scythe of venom.
* * * LOW HITPOINT WARNING * * *
You are more poisoned.
Unknown command.
Unknown command.
You hit Sigmund. You burn Sigmund.
Sigmund is severely wounded.
You die...

#...).......(..>...####
#.############........#
#.# #.#.#.#.## #.####
#.#.#.#.# #....#
#.#.#.#.# #....#
#######.#.#.#.# ♣
#....# #.......#.#.#.##
.. ♣♣
#....###.#######.#....#
.♣.♣
#....#@#.#######.######
...♣ #....##@.........#
♣.. #....#.###########
♣.♣#.............
♣....@..#########
♣♣♣######


You could see Sigmund.

Vanquished Creatures
  3 oozes (D:1)
  A dart slug (D:2)
  3 leopard geckos (D:1)
  A goblin (D:1)
  2 hobgoblins (D:1)
  A quokka (D:2)
  3 bats
  2 frilled lizards
  6 kobolds
  4 rats
26 creatures vanquished.

Notes
Turn   | Place    | Note
-------+----------+-------------------------------------------
     0 | D:1      | thesequoiad the Formicid Ice Elementalist began the quest
                  | for the Orb.
     0 | D:1      | Reached XP level 1. HP: 13/13 MP: 3/3
   143 | D:1      | Reached XP level 2. HP: 5/20 MP: 0/5
   384 | D:1      | Reached skill level 1 in Fighting
   789 | D:1      | Reached XP level 3. HP: 26/26 MP: 1/6
   839 | D:1      | Learned a level 3 spell: Frozen Ramparts
   843 | D:1      | Learned a level 3 spell: Ozocubu's Armour
  1808 | D:2      | Noticed Sigmund
  1819 | D:2      | Gained mutation: Your movements are slightly less
                  | encumbered by armour. (ER -2) [potion of mutation]
  1819 | D:2      | Gained mutation: Scrolls take you a little longer to read.
                  | [potion of mutation]
  1819 | D:2      | Gained mutation: You have sharp fingernails. [potion of
                  | mutation]
  1825 | D:2      | HP: 1/26 [Sigmund/+0 scythe of venom (2)]
  1826 | D:2      | Succumbed to Sigmund's poison

Illustrated notes

Levels and vault maps discovered:
D:1:      psy_arrival_terrarium, layout_basic, serial_forest,
          infiniplex_forest_end_double, infiniplex_forest_lined_2,
          infiniplex_forest_end_1, infiniplex_forest_straight_4,
          infiniplex_forest_corner_1, infiniplex_forest_clump_tiny,
          infiniplex_forest_diagonal
D:2:      kb_forest_paths, layout_basic, general_overflow_altar, uniq_sigmund,
          uniq_natasha

Skill      XL: |  1  2 |
---------------+-------+-----
Fighting       | 1 |  1.4
Dodging        | |  1.7
Stealth        | |  2.4
Spellcasting   | |  2.6
Ice Magic      | |  4.6

Action                   || total
-------------------------++-------
Melee: Unarmed           ||     5
       Short sword       ||     2
       Dagger            ||     7
 Cast: Freeze            ||    45
       Frozen Ramparts   ||     1
 Abil: Dig               ||     8
  Use: Potion            ||     3
Armor: Robe              ||     9
Dodge: Dodged            ||    39
